 Dungeon Crawl Stone Soup version 0.27-a0-1591-gc56fcc985a (webtiles) character file.

Game seed: 18147474290674397741

1915 Mitsuki the Skirmisher (level 8, 0/74 HPs)
             Began as a Minotaur Fighter on July 19, 2021.
             Killed from afar by an electric eel (4 damage)
             ... with a bolt of electricity
             ... on level 6 of the Dungeon.
             The game lasted 00:10:32 (6725 turns).

Mitsuki the Skirmisher (Minotaur Fighter)           Turns: 6725, Time: 00:10:33

Health: 0/74       AC:  8    Str: 23    XL:     8   Next: 95%
Magic:  7/7        EV:  8    Int:  5    God:
Gold:   360        SH: 11    Dex: 10    Spells: 7/7 levels left

rFire    . . .     SeeInvis .   a - +0 long sword
rCold    . . .     Faith    .   c - +0 kite shield
rNeg     + . .     Spirit   .   b - +0 scale mail
rPois    .         Reflect  .   (helmet restricted)
rElec    .         Harm     .   (no cloak)
rCorr    .         Rampage  .   (no gloves)
Will     .....                  (no boots)
Stlth    ..........             (no amulet)
HPRegen  0.22/turn              n - ring of positive energy
MPRegen  0.10/turn              (no ring)

@: studying Axes, very slow
A: horns 2, retaliatory headbutt
a: no special abilities


You were on level 6 of the Dungeon.
You visited 1 branch of the dungeon, and saw 6 of its levels.

You collected 360 gold pieces.

Inventory:

Hand Weapons
 a - a +0 long sword (weapon)
Armour
 b - a +0 scale mail (worn)
 c - a +0 kite shield (worn)
Jewellery
 n - a ring of positive energy (left hand)
 t - a ring of flight
 u - a ring of fire
Scrolls
 d - a scroll of vulnerability {unknown}
 i - a scroll of enchant weapon {unknown}
 k - 3 scrolls of blinking {unknown}
 o - 2 scrolls of magic mapping {unknown}
 p - 3 scrolls of identify {unknown}
 q - a scroll of summoning {unknown}
 r - a scroll of brand weapon {unknown}
 v - a scroll of amnesia {unknown}
 y - a scroll of fear {unknown}
Potions
 e - 2 potions of flight {unknown}
 f - a potion of magic {unknown}
 g - a potion of degeneration {unknown}
 h - 5 potions of curing {unknown}
 j - 2 potions of ambrosia {unknown}
 l - 2 potions of haste {unknown}
 m - a potion of heal wounds {unknown}


   Skills:
 + Level 7.9 Fighting
 + Level 7.3 Long Blades
 + Level 7.8 Armour
 + Level 7.9 Shields


You had 7 spell levels left.
You didn't know any spells.
Your spell library contained the following spells:

 Spells                   Type           Power      Damage    Failure   Level
 Pain                     Necr           0%         1d4       97%         1
 Poisonous Vapours        Pois/Air       0%         N/A       99%         2
 Call Canine Familiar     Summ           0%         N/A       100%        3
 Frozen Ramparts          Ice            0%         1d2       100%        3
 Mephitic Cloud           Conj/Pois/Air  0%         N/A       100%        3
 Portal Projectile        Hex/Tloc       0%         N/A       100%        3
 Ice Form                 Ice/Tmut       0%         N/A       100%        4
 Leda's Liquefaction      Hex/Erth       0%         N/A       100%        4
 Summon Ice Beast         Ice/Summ       0%         N/A       100%        4
 Agony                    Necr           0%         N/A       100%        5
 Excruciating Wounds      Necr           0%         N/A       100%        5
 Freezing Cloud           Conj/Ice/Air   0%         6-21      100%        5


Dungeon Overview and Level Annotations

Branches:
Dungeon (6/15)
 Temple: D:4-7

Altars:
Dithmenos
Gozag
Kikubaaqudgha
Nemelex Xobeh
Sif Muna
Trog
Uskayaw
Wu Jian
Zin

Shops:
D:4 (   D:6 [

Annotations:
D:5 Blork the orc


Innate Abilities, Weirdness & Mutations

You have a pair of horns on your head.
You reflexively headbutt those who attack you in melee.


Message History

You start resting.
HP restored.
Health restored: 74 The electric eel shoots out a bolt of lightning at you!
The bolt of electricity hits you! The bolt of electricity hits you.
You take 20 damage, and have 54/74 hp.
MASSIVE DAMAGE!!
The electric eel shoots out a bolt of lightning at you!
The bolt of electricity hits you! The bolt of electricity misses you.
There is an open door here.
You take 12 damage, and have 42/74 hp.
The electric eel shoots out a bolt of lightning at you!
The bolt of electricity hits you!
You take 10 damage, and have 32/74 hp.
You enter the shallow water.
Moving in this stuff is going to be slow.
The electric eel shoots out a bolt of lightning at you!
The bolt of electricity hits you.
You take 5 damage, and have 27/74 hp.
Your unstable footing causes you to fumble your attack.
Your unstable footing causes you to fumble your attack.
Your unstable footing causes you to fumble your attack.
The electric eel shoots out a bolt of lightning at you!
The bolt of electricity hits you.
You take 4 damage, and have 23/74 hp.
Your unstable footing causes you to fumble your attack.
You closely miss the electric eel.
Your unstable footing causes you to fumble your attack.
The electric eel shoots out a bolt of lightning at you!
The bolt of electricity hits you!
* * * LOW HITPOINT WARNING * * *
You take 9 damage, and have 15/74 hp.
Your unstable footing causes you to fumble your attack.
The electric eel shoots out a bolt of lightning at you!
The bolt of electricity hits you!
* * * LOW HITPOINT WARNING * * *
You take 12 damage, and have 3/74 hp.
You closely miss the electric eel. Your headbutt misses the electric eel.
The electric eel shoots out a bolt of lightning at you!
The bolt of electricity hits you.
You die...

##....#.######..
................
#........####.#
#.........# #.#
###############.....##
#.# ...........#
##..)## #.#
≈≈≈≈≈≈≈≈≈≈.# ##.## #.#
≈≈≈≈≈≈≈≈≈≈.### #.# #.#
≈≈≈≈≈≈≈≈;@.'.# #.# #..
≈≈≈≈≈≈≈≈≈≈.#.####.#
###
...........#......#
#################..#
#..#...###.#### #..#
#.............###..#
#.####.###.##......#
#......# #.######.##
######## #.######.#


You could see an electric eel.

Vanquished Creatures
  A two-headed ogre (D:6)
  A sky beast (D:6)
  A black bear (D:3)
  2 ogres
  A phantom (D:3)
  A scorpion (D:5)
  A water moccasin zombie (D:6)
  A wyvern skeleton (D:5)
  5 wights
  A howler monkey (D:4)
  2 centaur zombies (D:5)
  4 hounds (D:5)
  An iguana (D:5)
  An orc wizard (D:5)
  A scorpion zombie (D:5)
  5 adders
  7 gnolls (D:4)
  2 ufetubi (D:5)
  4 orcs
  7 bats
  8 endoplasms
  3 giant cockroaches
  4 hobgoblins
  4 jackals
  A quokka (D:1)
  2 ball pythons
  4 frilled lizards
  7 goblins
  12 kobolds
  A rat (D:1)
95 creatures vanquished.

Vanquished Creatures (others)
  10 plants (D:5)
10 creatures vanquished.

Grand Total: 105 creatures vanquished

Notes
Turn   | Place    | Note
-------+----------+-------------------------------------------
     0 | D:1      | Mitsuki the Minotaur Fighter began the quest for the Orb.
     0 | D:1      | Reached XP level 1. HP: 19/19 MP: 0/0
    42 | D:1      | Found a faded altar of an unknown god.
   269 | D:1      | Reached XP level 2. HP: 27/27 MP: 1/1
  1084 | D:2      | Reached XP level 3. HP: 33/33 MP: 2/2
  1803 | D:3      | Noticed a black bear
  1817 | D:3      | Killed a black bear
  1818 | D:3      | Reached XP level 4. HP: 17/41 MP: 3/3
  1997 | D:3      | Found a shadowy altar of Dithmenos.
  1997 | D:3      | Found an ancient bone altar of Kikubaaqudgha.
  1997 | D:3      | Found a bloodstained altar of Trog.
  2026 | D:3      | Found an opulent altar of Gozag.
  2057 | D:3      | Reached XP level 5. HP: 44/47 MP: 4/4
  2226 | D:3      | Found a hide-covered altar of Uskayaw.
  2226 | D:3      | Found an ornate altar of the Wu Jian Council.
  2232 | D:3      | Found a glowing silver altar of Zin.
  2866 | D:4      | Noticed a phantom
  2873 | D:4      | Reached skill level 5 in Shields
  2889 | D:4      | Reached skill level 5 in Armour
  2911 | D:3      | Killed a phantom
  2912 | D:3      | Reached skill level 5 in Fighting
  2912 | D:3      | Reached XP level 6. HP: 14/56 MP: 5/5
  3849 | D:4      | Found Giasteg's Antique Weapon Shoppe.
  4162 | D:5      | Entered Level 5 of the Dungeon
  4415 | D:5      | Reached skill level 5 in Long Blades
  4415 | D:5      | Reached XP level 7. HP: 51/62 MP: 6/6
  5577 | D:5      | Reached XP level 8. HP: 67/71 MP: 7/7
  5656 | D:5      | Found a sparkling altar of Nemelex Xobeh.
  5713 | D:5      | Noticed Blork the orc
  5719 | D:5      | Found a shimmering blue altar of Sif Muna.
  6088 | D:6      | Found Raeqih's Antique Armour Shoppe.
  6126 | D:6      | Noticed a two-headed ogre
  6137 | D:6      | Killed a two-headed ogre
  6724 | D:6      | HP: 3/74 [electric eel/bolt of electricity (12)]
  6725 | D:6      | Killed from afar by an electric eel

Illustrated notes

Levels and vault maps discovered:
D:1:      saegor_arrival_simple_a, layout_loops_corners,
          hellmonk_ecumenical_altar_slurped_away, minmay_cut_off
D:2:      layout_loops_ring, grunt_decor_resistance, serial_park_tiny_1
D:3:      layout_loops_ring, nicolae_overflow_quartered_altars, minitemple,
          palyth_stone_intersect
D:4:      layout_gridville, serial_shops, kennysheep_little_box
D:5:      layout_cave_pools, tgw_sif, general_overflow_altar,
          serial_bayou_lagoon_b
D:6:      layout_loops_corners, serial_shops, shop_scrolls,
          nicolae_shop_behind_doors, shop, kennysheep_mini_moat,
          nicolae_shop_trees, nrook_pool_corridor, minmay_misc_feat_columns,
          uniq_edmund

Skill      XL: |  1  2  3  4  5  6  7  8 |
---------------+-------------------------+-----
Shields        | 4 5 6 7 |  7.9
Armour         | 4 5 6 7 |  7.8
Fighting       | 4 5 6 7 |  7.9
Long Blades    | 3 4 5 6 7 |  7.3

Action                   |  1- 3 |  4- 6 |  7- 9 || total
-------------------------+-------+-------+-------++-------
Melee: Long sword        |    90 |   108 |   107 ||   305
       Headbutt          |    14 |    19 |    19 ||    52
  Use: Potion            |     1 |       |     1 ||     2
Armor: Scale mail        |    42 |    44 |    37 ||   123
Dodge: Dodged            |    27 |    39 |    34 ||   100
Block: Kite shield       |    52 |    74 |    46 ||   172
       Rpst.: Long sword |     8 |    11 |    12 ||    31

Table legend: (Time is in decaauts)
 A = Elapsed time spent in this place.
 B = Non-inter-level travel time spent in this place.
 C = Inter-level travel time spent in this place.
 D = Time resting spent in this place.
 E = Time spent auto-exploring this place.
 F = Levels seen in this place.
 G = Mean time per level.
                   A        B        C        D        E       F      G
               +--------+--------+--------+--------+--------+-----+--------+
         Total |   6857 |   6669 |    188 |   1240 |   4606 |   6 | 1142.8 |
       Dungeon |   6857 |   6669 |    188 |   1240 |   4606 |   6 | 1142.8 |
               +--------+--------+--------+--------+--------+-----+--------+

Top non-repeatable levels by time:
     D:4: 1685 daAuts
     D:5: 1523 daAuts
     D:3: 1196 daAuts
     D:1: 1020 daAuts
     D:2: 762 daAuts
     D:6: 670 daAuts
